AoeStats
← [Type iLL] StopOut

Arena

507458490Analyzed
1v1 RM · 16d ago on Sep 18, 2026· 20m 29s· 2 players
Game mode
Random Map
Map size
Tiny (2 player)
Population
200
Speed
Normal
Resources
Standard
Victory
Conquest
Starting age
Dark Age
Ending age
Imperial Age
RankedLock teamsTeams togetherTeam positionsShared explorationLock speedFull tech treeHidden civsTurbo modeCheats
Victory
Defeat
🇨🇱 Khmer · Chile
686
+13
🇬🇧 Franks · United Kingdom
630
-25
[Type iLL] StopOut
13:02 Feudal Age
15:09 Loom
19:35 Castle Age
18:36 Double-Bit Axe
NPG | NUNCAPUEDOGANAR
11:15 Feudal Age
12:35 Double-Bit Axe
12:32 Horse Collar
17:34 Castle Age
16:18 Gold Mining
17:55 Bloodlines
20:18 Scale Barding Armor
19:48 Light Cavalry
Connection lost

Rejoining the realm…

Still unreachable

The connection could not be restored.

Session expired

The server has moved on; the page needs a fresh start.